 Dungeon Crawl Stone Soup version 0.28-a0-664-gc179e30c89 (webtiles) character file.

Game seed: 8872138065559542115

5294 andesha the Basher (level 10, -11/144 HPs)
             Began as a Minotaur Berserker on Oct 15, 2021.
             Was an Elder of Trog.
             Mangled by a death knight (22 damage)
             ... on level 8 of the Dungeon.
             The game lasted 00:19:37 (6858 turns).

andesha the Basher (Minotaur Berserker)             Turns: 6858, Time: 00:19:38

Health: -11/144    AC: 25    Str: 26    XL:     10   Next: 37%
Magic:  9/9        EV:  2    Int:  4    God:    Trog [****..]
Gold:   440        SH:  0    Dex:  9    Spells: 9/9 levels left

rFire   + + .      SeeInvis .   a - +2 mace
rCold   . . .      Faith    .   (no shield)
rNeg    + . .      Spirit   .   (armour currently unavailable)
rPois   +          Reflect  .   (helmet currently unavailable)
rElec   .          Harm     .   (cloak currently unavailable)
rCorr   .          Rampage  .   (gloves currently unavailable)
Will    .....      NoTele   +   (boots currently unavailable)
Stlth   +.........              i - amulet of Epnaock {rF++ rN+ Regen+}
HPRegen 1.34/turn               (no ring)
MPRegen 0.11/turn               (no ring)

@: tree-form, on berserk cooldown, slowed, very slow
A: stationary, stasis, torment immunity, boosted hp, (horns 2), (retaliatory
headbutt)
a: Renounce Religion, Berserk, Trog's Hand, Brothers in Arms


You were on level 8 of the Dungeon.
You worshipped Trog.
Trog was greatly pleased with you.
You were a tree.
You visited 1 branch of the dungeon, and saw 8 of its levels.

You collected 440 gold pieces.

Inventory:

Hand Weapons
 a - a +2 mace (weapon)
Armour
 c - the +2 scale mail "Juiph" (melded) {rElec rCorr Str+8 Dex-5}
   (You found it on level 8 of the Dungeon)

   Str:       It affects your strength (+8).
   Dex:       It affects your dexterity (-5).
   rElec:     It insulates you from electricity.
   rCorr:     It protects you from acid and corrosion.
Jewellery
 i - the amulet of Epnaock (around neck) {rF++ rN+ Regen+}
   (You found it on level 5 of the Dungeon)

   [amulet of regeneration]

   rF:        It greatly protects you from fire.
   rN:        It protects you from negative energy.
   Regen:     It increases your rate of health regeneration.
Wands
 h - a wand of paralysis (7)
 o - a wand of flame (12)
Scrolls
 d - a scroll of teleportation
 e - a scroll of holy word
 l - 2 scrolls of silence
 m - a scroll of blinking {unknown}
 n - 2 scrolls of summoning
Potions
 b - a potion of curing
 f - 2 potions of magic
 g - 3 potions of mutation {unknown}
 j - a potion of flight
 p - a potion of berserk rage {unknown}


   Skills:
 * Level 11.2 Fighting
 + Level 11.6 Maces & Flails
 + Level 10.0 Armour
 + Level 3.5 Dodging
 + Level 1.8 Shields


You had 9 spell levels left.
You didn't know any spells.
Your spell library was empty.

Dungeon Overview and Level Annotations

Branches:
Dungeon (8/15)             Temple (0/1) D:7            Lair (0/6) D:8

Altars:
Kikubaaqudgha
Ru
Vehumet
Xom

Shops:
D:1 !   D:7 *

Annotations:
D:4 1 transporter


Innate Abilities, Weirdness & Mutations

You are a tree.
Your roots penetrate the ground, keeping you stationary.
You cannot be teleported.
You are immune to unholy pain and torment.
Your maximum health is greatly increased.
Your equipment is partially melded.
((You have a pair of horns on your head.))
((You reflexively headbutt those who attack you in melee.))


Message History

You hit the death knight but do no damage.
The death knight is lightly wounded.
The death knight hits you with a +1 great sword!
* * * LOW HITPOINT WARNING * * *
Hit: a) +2 mace
Press: ? - help, Dir - move target, f/p - death knight
Aim: a death knight, wielding a +1 great sword and wearing a +0 chain mail (lightly wounded, about 31% to evade your +2 mace)
You closely miss the death knight.
The death knight is lightly wounded.
The death knight hits you with a +1 great sword.
* * * LOW HITPOINT WARNING * * *
Hit: a) +2 mace
Press: ? - help, Dir - move target, f/p - death knight
Aim: a death knight, wielding a +1 great sword and wearing a +0 chain mail (lightly wounded, about 31% to evade your +2 mace)
You hit the death knight but do no damage.
The death knight is lightly wounded.
The death knight hits you but does no damage.
Hit: a) +2 mace
Press: ? - help, Dir - move target, f/p - death knight
Aim: a death knight, wielding a +1 great sword and wearing a +0 chain mail (lightly wounded, about 31% to evade your +2 mace)
You hit the death knight but do no damage.
The death knight is lightly wounded.
The death knight hits you with a +1 great sword!
* * * LOW HITPOINT WARNING * * *
The death knight hits you with a +1 great sword.
* * * LOW HITPOINT WARNING * * *
Hit: a) +2 mace
Press: ? - help, Dir - move target, f/p - death knight
Aim: a death knight, wielding a +1 great sword and wearing a +0 chain mail (lightly wounded, about 31% to evade your +2 mace)
You closely miss the death knight.
The death knight is lightly wounded.
The death knight hits you with a +1 great sword!!
* * * LOW HITPOINT WARNING * * *
Hit: a) +2 mace
Press: ? - help, Dir - move target, f/p - death knight
Aim: a death knight, wielding a +1 great sword and wearing a +0 chain mail (lightly wounded, about 31% to evade your +2 mace)
You hit the death knight but do no damage.
The death knight is lightly wounded.
The death knight hits you with a +1 great sword!!
You die...

##############
#............# ######
#............######.....
#.......................
############.######.....
#.######...†. #
########## #.#..........
. .......p♣#
#.#........## #
######)#.# #.#........#
...#.# #.#........#
#.#.#.####..........#
#.#.#.#....>........# .
..#.#.####........# # .
..#.#.####........## .
.# ?.#...............'.
. #.######........##


You could see a death knight.

Vanquished Creatures
  A centaur warrior (D:8)
  A two-headed ogre (D:8)
  A wraith (D:8)
  6 yaks (D:8)
  4 hogs (D:7)
  A human (D:7)
  2 orc warriors
  2 sky beasts
  3 black bears
  2 ice beasts
  A necrophage (D:6)
  A hornet zombie (D:5)
  2 ogres (D:5)
  A centaur (D:7)
  The ghost of AttackTheMoon the Shield-Bearer, an amateur VSFi (D:4)
  A wyvern zombie (D:8)
  A bullfrog (D:7)
  3 scorpions
  A water moccasin zombie (D:6)
  4 wights (D:7)
  A centaur zombie (D:6)
  2 gnoll shamans
  An orc priest (D:8)
  A jelly (D:7)
  2 hounds
  A centaur skeleton (D:4)
  3 orc wizards
  7 gnolls
  2 adders
  An ufetubus (D:7)
  An adder skeleton (D:4)
  2 worms
  2 dart slugs
  15 orcs
  9 bats
  10 endoplasms
  4 giant cockroaches
  6 goblins
  8 hobgoblins
  3 jackals
  3 quokkas
  6 ball pythons
  6 frilled lizards
  5 kobolds
  5 rats
145 creatures vanquished.

Vanquished Creatures (collateral kills)
  A centaur (D:6)
  An iguana (D:5)
2 creatures vanquished.

Vanquished Creatures (others)
  A human (D:3)
1 creature vanquished.

Grand Total: 148 creatures vanquished

Notes
Turn   | Place    | Note
-------+----------+-------------------------------------------
     0 | D:1      | andesha the Minotaur Berserker began the quest for the Orb.
     0 | D:1      | Reached XP level 1. HP: 19/19 MP: 0/0
   270 | D:1      | Found Iliniar's Distillery.
   293 | D:1      | Reached XP level 2. HP: 18/27 MP: 1/1
   936 | D:2      | Found a faded altar of an unknown god.
  1007 | D:2      | Reached XP level 3. HP: 32/33 MP: 2/2
  1054 | D:2      | Reached ** piety under Trog
  1966 | D:3      | Found an ancient bone altar of Kikubaaqudgha.
  1972 | D:3      | Noticed a human
  1973 | D:3      | Killed a human
  2248 | D:3      | Reached XP level 4. HP: 41/41 MP: 3/3
  2902 | D:4      | Noticed a black bear
  2906 | D:4      | Killed a black bear
  2907 | D:4      | Reached skill level 5 in Fighting
  2907 | D:4      | Reached skill level 5 in Maces & Flails
  2907 | D:4      | Reached XP level 5. HP: 48/48 MP: 4/4
  2909 | D:4      | Noticed an ice beast
  2918 | D:4      | Killed an ice beast
  2919 | D:4      | Reached XP level 6. HP: 40/56 MP: 5/5
  3358 | D:4      | Found a transporter.
  3378 | D:4      | Noticed AttackTheMoon's ghost (amateur VSFi)
  3397 | D:4      | Found a transporter.
  3422 | D:4      | Killed AttackTheMoon's ghost
  3422 | D:4      | Reached *** piety under Trog
  3423 | D:4      | Reached XP level 7. HP: 21/64 MP: 6/6
  3727 | D:5      | Entered Level 5 of the Dungeon
  4088 | D:5      | Identified the amulet of Epnaock {rF++ rN+ Regen+}
  4146 | D:5      | Reached skill level 5 in Armour
  4477 | D:5      | Reached skill level 1 in Shields
  4742 | D:6      | Reached XP level 8. HP: 71/73 MP: 7/7
  5111 | D:6      | Found a shimmering altar of Xom.
  5508 | D:7      | Found a staircase to the Ecumenical Temple.
  5587 | D:7      | Found Panuante's General Store.
  5666 | D:7      | Found a sacrificial altar of Ru.
  6073 | D:7      | Reached XP level 9. HP: 32/82 MP: 8/8
  6138 | D:7      | Reached skill level 10 in Maces & Flails
  6505 | D:8      | Reached **** piety under Trog
  6520 | D:8      | Reached skill level 10 in Fighting
  6577 | D:8      | Noticed a death knight
  6577 | D:8      | Noticed a cyan ugly thing
  6577 | D:8      | Noticed a death knight
  6631 | D:8      | Found a staircase to the Lair.
  6663 | D:8      | Reached XP level 10. HP: 44/94 MP: 9/9
  6668 | D:8      | Identified the +2 scale mail "Juiph" {rElec rCorr Str+8
                  | Dex-5}
  6749 | D:8      | Found a radiant altar of Vehumet.
  6832 | D:8      | Noticed a two-headed ogre
  6834 | D:8      | Noticed a centaur warrior
  6839 | D:8      | Killed a two-headed ogre
  6844 | D:8      | Killed a centaur warrior
  6845 | D:8      | Reached skill level 10 in Armour
  6858 | D:8      | Mangled by a death knight

Illustrated notes

Levels and vault maps discovered:
D:1:      minmay_arrival_stone_box, layout_loops_ring, serial_shops,
          nicolae_shop_statue_plus, minmay_pentomino_v4
D:2:      layout_basic, dreamdust_ecumenical_altar_angels_and_demons
D:3:      layout_loops_corners, tgw_kikubaaqudgha, minmay_joined_circles
D:4:      layout_basic, gammafunk_ghost_arena
D:5:      layout_basic
D:6:      layout_basic, mainiacjoe_overflow_alcove_4
D:7:      layout_cave_pods, nicolae_ru_sacrificial_ziggurat,
          minmay_temple_entry_ruins, serial_shops, shop, grunt_livestock
D:8:      minmay_tri_box, layout_basic, fiery_altar_vehumet, marbit_many_paths,
          lair_entry_dummy

Skill      XL: |  1  2  3  4  5  6  7  8  9 10 |
---------------+-------------------------------+-----
Maces & Flails | 4 5 6 7 9 11 | 11.6
Fighting       | 4 5 6 7 8 10 11 | 11.2
Armour         | 3 4 5 7 9 10 | 10.0
Shields        | 1 |  1.8
Dodging        | 3 |  3.5

Action                   |  1- 3 |  4- 6 |  7- 9 | 10-12 || total
-------------------------+-------+-------+-------+-------++-------
Melee: Mace              |    92 |    82 |   196 |    41 ||   411
       Headbutt          |    13 |    16 |    41 |     4 ||    74
Invok: Berserk           |       |     3 |     2 |     1 ||     6
Evoke: Wand              |       |       |     1 |       ||     1
  Use: Potion            |     3 |     2 |     3 |     1 ||     9
       Scroll            |     3 |     5 |     9 |       ||    17
 Stab: Distracted        |       |       |     1 |       ||     1
Armor: Ring mail         |    20 |       |       |       ||    20
       Animal skin       |     4 |       |       |       ||     4
       Chain mail        |    26 |    48 |    96 |       ||   170
       Plate armour      |       |       |    13 |       ||    13
       Scale mail        |       |       |       |    22 ||    22
       Skin              |       |       |       |     3 ||     3
Dodge: Dodged            |    47 |    44 |    98 |     8 ||   197
Block: Other             |       |     5 |     6 |       ||    11

Table legend: (Time is in decaauts)
 A = Elapsed time spent in this place.
 B = Non-inter-level travel time spent in this place.
 C = Inter-level travel time spent in this place.
 D = Time resting spent in this place.
 E = Time spent auto-exploring this place.
 F = Levels seen in this place.
 G = Mean time per level.
                   A        B        C        D        E       F      G
               +--------+--------+--------+--------+--------+-----+--------+
         Total |   6906 |   6734 |    172 |     41 |   5254 |   8 |  863.2 |
       Dungeon |   6906 |   6734 |    172 |     41 |   5254 |   8 |  863.2 |
               +--------+--------+--------+--------+--------+-----+--------+

Top non-repeatable levels by time:
     D:2: 1091 daAuts
     D:5: 1003 daAuts
     D:3: 973 daAuts
     D:7: 907 daAuts
     D:4: 866 daAuts
     D:1: 849 daAuts
     D:6: 778 daAuts
     D:8: 435 daAuts
